MLB
BALTIMORE ORIOLES @ TORONTO BLUE JAYS
05/10/2042
 
TOP OF THE 1ST
Baltimore Orioles batting - Pitching for Toronto Blue Jays : RHP Charlie Harris
Pitching: RHP Charlie Harris
Batting: RHB Jon Hughes 0-0: Ground out 6-3 (Groundball, 6M, EV 92.5 MPH)
Batting: RHB Joe Cavanagh 0-0: Ground out 5-3 (Groundball, 56, EV 84.4 MPH)
Batting: LHB Juan Jose Cabrera 0-0: SOLO HOME RUN (Flyball, 7D, EV 96.9 MPH), Distance : 375 ft
Batting: RHB Kratukarana Multani 0-0: Ball
1-0: Ball
2-0: Called Strike
2-1: Ball
3-1: Called Strike
3-2: SOLO HOME RUN (Flyball, 7LD, EV 95.0 MPH), Distance : 358 ft
Batting: LHB Samad Beybukov 0-0: Ball
1-0: Foul Ball, location: 2F
1-1: Ball
2-1: Fly out, F8 (Flyball, 8LD, EV 79.4 MPH)
Top of the 1st over - 2 runs, 2 hits, 0 errors, 0 left on base; Baltimore 2 - Toronto 0
BOTTOM OF THE 1ST
Toronto Blue Jays batting - Pitching for Baltimore Orioles : RHP José Durán
Pitching: RHP José Durán
Batting: RHB Joe Lindsay 0-0: Foul Ball, location: 5DF
0-1: Ground out 5-3 (Groundball, 56, EV 76.9 MPH)
Batting: RHB Jeff Horton 0-0: Ball
1-0: Ground out 4-3 (Groundball, 4, EV 99.4 MPH)
Batting: LHB Brad Hart 0-0: Ball
1-0: Foul Ball, location: 7LMFF
1-1: SINGLE (Line Drive, 6D, EV 98.8 MPH)
Batting: LHB Jimmy Trinidad 0-0: Ball
1-0: Called Strike
1-1: Foul Ball, location: 2F
1-2: TRIPLE (Flyball, 89XD, EV 105.6 MPH)
Brad Hart scores
Batting: RHB Bob Crousse 0-0: Ball
1-0: Ball
2-0: Swinging Strike
2-1: Ball
3-1: Foul Ball, location: 3F
3-2: Strikes out swinging
Bottom of the 1st over - 1 run, 2 hits, 0 errors, 1 left on base; Baltimore 2 - Toronto 1
TOP OF THE 2ND
Baltimore Orioles batting - Pitching for Toronto Blue Jays : RHP Charlie Harris
Batting: RHB Mikolas Polansky 0-0: Called Strike
0-1: Fly out, F6 (Popup, P, EV 80.0 MPH)
Batting: RHB Sean Manley 0-0: Fly out, F8 (Flyball, 8RXD, EV 96.9 MPH)
Batting: RHB Remigio Aguilar 0-0: Foul Ball, location: 9LMF
0-1: Ball
1-1: Ground out 4-3 (Groundball, 4, EV 80.0 MPH)
Top of the 2nd over - 0 runs, 0 hits, 0 errors, 0 left on base; Baltimore 2 - Toronto 1
BOTTOM OF THE 2ND
Toronto Blue Jays batting - Pitching for Baltimore Orioles : RHP José Durán
Batting: RHB Don Greene 0-0: Swinging Strike
0-1: Foul Ball, location: 23FF
0-2: Foul Ball, location: 3SF
0-2: Ball
1-2: DOUBLE (Line Drive, 3D, EV 95.0 MPH)
Batting: RHB Juan Luna 0-0: Called Strike
0-1: Called Strike
0-2: Fly out, F9 (Flyball, 89S, EV 93.1 MPH)
Batting: LHB José Gonzáles 0-0: Ball
1-0: Called Strike
1-1: Ball
2-1: Foul Ball, location: 2F
2-2: Ground out U3 (Groundball, 34S, EV 92.5 MPH)
Don Greene to third
Batting: RHB Bob Powers 0-0: Called Strike
0-1: Called Strike
0-2: DOUBLE (Flyball, 78D, EV 101.3 MPH)
Don Greene scores
Batting: RHB Joe Lindsay 0-0: Ball
1-0: Swinging Strike
1-1: Called Strike
1-2: Strikes out swinging
Bottom of the 2nd over - 1 run, 2 hits, 0 errors, 1 left on base; Baltimore 2 - Toronto 2
TOP OF THE 3RD
Baltimore Orioles batting - Pitching for Toronto Blue Jays : RHP Charlie Harris
Batting: SHB Nelson Jiménez 0-0: Ball
1-0: Swinging Strike
1-1: Swinging Strike
1-2: Strikes out swinging
Batting: RHB Jon Hughes 0-0: Ball
1-0: Foul Ball, location: 9LMF
1-1: Called Strike
1-2: Foul Ball, location: 23FF
1-2: Ball
2-2: Strikes out swinging
Batting: RHB Joe Cavanagh 0-0: Ball
1-0: Ball
2-0: Ball
3-0: Called Strike
3-1: Base on Balls
Batting: LHB Juan Jose Cabrera 0-0: Called Strike
0-1: Ball
1-1: Called Strike
1-2: Foul Ball, location: 2F
1-2: Foul Ball, location: 2F
1-2: Ball
2-2: Fly out, F7 (Flyball, 7LM, EV 90.0 MPH)
Top of the 3rd over - 0 runs, 0 hits, 0 errors, 1 left on base; Baltimore 2 - Toronto 2
BOTTOM OF THE 3RD
Toronto Blue Jays batting - Pitching for Baltimore Orioles : RHP José Durán
Batting: RHB Jeff Horton 0-0: Called Strike
0-1: Ball
1-1: Ground out 6-3 (Groundball, 6, EV 88.1 MPH)
Batting: LHB Brad Hart 0-0: SOLO HOME RUN (Flyball, 9D, EV 96.3 MPH), Distance : 368 ft
Batting: LHB Jimmy Trinidad 0-0: Ball
1-0: Ball
2-0: Ball
3-0: Called Strike
3-1: SOLO HOME RUN (Flyball, 89XD, EV 99.4 MPH), Distance : 414 ft
Batting: RHB Bob Crousse 0-0: Called Strike
0-1: Foul Ball, location: 7LDF
0-2: Ball
1-2: Foul Ball, location: 2F
1-2: SINGLE (Line Drive, 6MD, EV 96.9 MPH)
Batting: RHB Don Greene 0-0: Called Strike
0-1: Foul Ball, location: 3F
0-2: Ball
1-2: Foul Ball, location: 9LDF
1-2: Ball
2-2: Foul Ball, location: 5FF
2-2: 2-RUN HOME RUN (Flyball, 78XD, EV 97.5 MPH), Distance : 402 ft
Pitching: RHP Donnie Caldwell
Batting: RHB Juan Luna 0-0: Foul Ball, location: 7LSFF
0-1: Ball
1-1: Ground out 5-3 (Groundball, 5D, EV 100.6 MPH)
Batting: LHB José Gonzáles 0-0: Ball
1-0: Foul Ball, location: 2F
1-1: Foul Ball, location: 5FF
1-2: Ball
2-2: Strikes out swinging
Bottom of the 3rd over - 4 runs, 4 hits, 0 errors, 0 left on base; Baltimore 2 - Toronto 6
TOP OF THE 4TH
Baltimore Orioles batting - Pitching for Toronto Blue Jays : RHP Charlie Harris
Batting: RHB Kratukarana Multani 0-0: Called Strike
0-1: SOLO HOME RUN (Flyball, 9D, EV 93.8 MPH), Distance : 360 ft
Batting: LHB Samad Beybukov 0-0: Ball
1-0: Ground out 6-3 (Groundball, 6MD, EV 100.0 MPH)
Batting: RHB Mikolas Polansky 0-0: Called Strike
0-1: Foul Ball, location: 7LDF
0-2: Foul Ball, location: 25FF
0-2: Ball
1-2: Fly out, F9 (Flyball, 9, EV 98.1 MPH)
Batting: RHB Sean Manley 0-0: Called Strike
0-1: Ball
1-1: Swinging Strike
1-2: Fly out, F8 (Flyball, 8RD, EV 91.9 MPH)
Top of the 4th over - 1 run, 1 hit, 0 errors, 0 left on base; Baltimore 3 - Toronto 6
BOTTOM OF THE 4TH
Toronto Blue Jays batting - Pitching for Baltimore Orioles : RHP Donnie Caldwell
Batting: RHB Bob Powers 0-0: Ball
1-0: Ball
2-0: Ball
3-0: Called Strike
3-1: Base on Balls
Batting: RHB Joe Lindsay 0-0: Foul Ball, location: 7LSF
0-1: Ball
1-1: Fly out, F7 (Flyball, 7LS, EV 81.3 MPH)
Batting: RHB Jeff Horton 0-0: Grounds into double play, 4-6-3 (Groundball, 34, EV 85.0 MPH)
Bottom of the 4th over - 0 runs, 0 hits, 0 errors, 0 left on base; Baltimore 3 - Toronto 6
TOP OF THE 5TH
Baltimore Orioles batting - Pitching for Toronto Blue Jays : RHP Charlie Harris
Batting: RHB Remigio Aguilar 0-0: Fly out, F7 (Line Drive, 78S, EV 101.9 MPH)
Batting: SHB Nelson Jiménez 0-0: Ball
1-0: Foul Ball, location: 3SF
1-1: Ball
2-1: Foul Ball, location: 9LMF
2-2: Fly out, F8 (Flyball, 8LM, EV 89.4 MPH)
Batting: RHB Jon Hughes 0-0: Ball
1-0: Ground out 6-3 (Groundball, 6, EV 101.9 MPH)
Top of the 5th over - 0 runs, 0 hits, 0 errors, 0 left on base; Baltimore 3 - Toronto 6
BOTTOM OF THE 5TH
Toronto Blue Jays batting - Pitching for Baltimore Orioles : RHP Donnie Caldwell
Batting: LHB Brad Hart 0-0: Ball
1-0: Ball
2-0: Foul Ball, location: 5SF
2-1: Ball
3-1: SINGLE (Flyball, 8RS, EV 96.3 MPH)
Batting: LHB Jimmy Trinidad 0-0: Ball
Brad Hart steals 2nd base
1-0: Called Strike
1-1: Fly out, F6 (Popup, 4MS, EV 70.6 MPH)
Batting: RHB Bob Crousse 0-0: Called Strike
0-1: Swinging Strike
0-2: Fly out, F8 (Flyball, 78M, EV 100.0 MPH)
Batting: RHB Don Greene 0-0: Foul Ball, location: 9LDF
0-1: Ball
1-1: Ball
2-1: Ball
3-1: Foul Ball, location: 2F
3-2: Ground out U3 (Groundball, 34S, EV 88.8 MPH)
Bottom of the 5th over - 0 runs, 1 hit, 0 errors, 1 left on base; Baltimore 3 - Toronto 6
TOP OF THE 6TH
Baltimore Orioles batting - Pitching for Toronto Blue Jays : RHP Charlie Harris
Batting: RHB Joe Cavanagh 0-0: Foul Ball, location: 2F
0-1: Ball
1-1: Ground out 4-3 (Groundball, 4, EV 100.6 MPH)
Batting: LHB Juan Jose Cabrera 0-0: Ball
1-0: Called Strike
1-1: Fly out, F8 (Flyball, 78D, EV 93.1 MPH)
Batting: RHB Kratukarana Multani 0-0: Ball
1-0: Fly out, F4 (Popup, 34S, EV 68.1 MPH)
Top of the 6th over - 0 runs, 0 hits, 0 errors, 0 left on base; Baltimore 3 - Toronto 6
BOTTOM OF THE 6TH
Toronto Blue Jays batting - Pitching for Baltimore Orioles : RHP Donnie Caldwell
Batting: RHB Juan Luna 0-0: Ball
1-0: Swinging Strike
1-1: Ball
2-1: DOUBLE (Groundball, 5L, EV 110.6 MPH)
Batting: LHB José Gonzáles 0-0: Ball
1-0: Swinging Strike
1-1: Ground out U3 (Groundball, 3, EV 108.8 MPH)
Juan Luna to third
Batting: RHB Bob Powers 0-0: Ball
1-0: Foul Ball, location: 2F
1-1: Called Strike
1-2: Foul Ball, location: 5FF
1-2: Foul Ball, location: 9LDF
1-2: Fly out, F9 (Flyball, 9D, EV 105.6 MPH)
Runner from 3rd tags up, OUT at HOME! 9-2
Bottom of the 6th over - 0 runs, 1 hit, 0 errors, 0 left on base; Baltimore 3 - Toronto 6
TOP OF THE 7TH
Baltimore Orioles batting - Pitching for Toronto Blue Jays : RHP Charlie Harris
Batting: LHB Samad Beybukov 0-0: Ball
1-0: Called Strike
1-1: Foul Ball, location: 2F
1-2: Foul Ball, location: 2F
1-2: Ball
2-2: Ground out 6-3 (Groundball, 6, EV 81.9 MPH)
Batting: RHB Mikolas Polansky 0-0: Ground out 5-3 (Groundball, 15, EV 85.6 MPH)
Batting: RHB Sean Manley 0-0: Ground out U3 (Groundball, 34, EV 104.4 MPH)
Top of the 7th over - 0 runs, 0 hits, 0 errors, 0 left on base; Baltimore 3 - Toronto 6
BOTTOM OF THE 7TH
Toronto Blue Jays batting - Pitching for Baltimore Orioles : RHP Donnie Caldwell
Batting: RHB Joe Lindsay 0-0: DOUBLE (Flyball, 78XD, EV 90.0 MPH)
Batting: RHB Jeff Horton 0-0: Ground out 5-3 (Groundball, 56S, EV 91.9 MPH)
Batting: LHB Brad Hart 0-0: Ball
1-0: SINGLE (Groundball, 34, EV 101.9 MPH) (infield hit)
Joe Lindsay to third
Batting: LHB Jimmy Trinidad 0-0: Called Strike
0-1: Ball
Wild Pitch!
Joe Lindsay scores
Brad Hart to second
1-1: Foul Ball, location: 2F
1-2: Ball
2-2: Strikes out swinging
Batting: RHB Bob Crousse 0-0: Ball
1-0: Foul Ball, location: 2F
1-1: Foul Ball, location: 2RF
1-2: Ball
2-2: Foul Ball, location: 2F
2-2: Ground out 6-3 (Groundball, 56, EV 111.3 MPH)
Bottom of the 7th over - 1 run, 2 hits, 0 errors, 1 left on base; Baltimore 3 - Toronto 7
TOP OF THE 8TH
Baltimore Orioles batting - Pitching for Toronto Blue Jays : RHP Charlie Harris
Batting: RHB Remigio Aguilar 0-0: Ball
1-0: Ground out 6-3 (Groundball, 4MS, EV 86.9 MPH)
Batting: SHB Nelson Jiménez 0-0: Ball
1-0: Called Strike
1-1: Ball
2-1: Ball
3-1: Foul Ball, location: 7LMF
3-2: Foul Ball, location: 5F
3-2: Base on Balls
Batting: RHB Jon Hughes 0-0: Ball
1-0: Called Strike
1-1: Ball
2-1: SINGLE (Line Drive, 34, EV 103.8 MPH)
Nelson Jiménez to second
Batting: RHB Joe Cavanagh 0-0: Called Strike
0-1: Foul Ball, location: 9LSFF
0-2: Ball
1-2: Foul Ball, location: 2F
1-2: Fly out, F8 (Flyball, 8LD, EV 106.3 MPH)
Batting: LHB Juan Jose Cabrera 0-0: Swinging Strike
0-1: Called Strike
0-2: Fly out, F8 (Flyball, 89S, EV 88.8 MPH)
Top of the 8th over - 0 runs, 1 hit, 0 errors, 2 left on base; Baltimore 3 - Toronto 7
BOTTOM OF THE 8TH
Toronto Blue Jays batting - Pitching for Baltimore Orioles : RHP Donnie Caldwell
Pitching: LHP Jorge Durán
Batting: RHB Don Greene 0-0: Swinging Strike
0-1: DOUBLE (Line Drive, 8LXD, EV 105.6 MPH)
Batting: RHB Juan Luna 0-0: Called Strike
0-1: Ball
1-1: Ball
2-1: Ball
3-1: Called Strike
3-2: Strikes out looking
Batting: LHB José Gonzáles 0-0: Ball
1-0: Called Strike
1-1: Swinging Strike
1-2: Ball
2-2: Ground out 4-3 (Groundball, 4S, EV 83.8 MPH)
Don Greene to third
Batting: RHB Bob Powers 0-0: Foul Ball, location: 9LDF
0-1: Ball
1-1: Foul Ball, location: 2F
1-2: Ball
2-2: Ball
3-2: Ground out 5-3 (Groundball, 5S, EV 68.8 MPH)
Bottom of the 8th over - 0 runs, 1 hit, 0 errors, 1 left on base; Baltimore 3 - Toronto 7
TOP OF THE 9TH
Baltimore Orioles batting - Pitching for Toronto Blue Jays : RHP Charlie Harris
Batting: RHB Kratukarana Multani 0-0: Called Strike
0-1: Called Strike
0-2: SOLO HOME RUN (Flyball, 78XD, EV 110.6 MPH), Distance : 417 ft
Pitching: RHP Jorge Rivera
Batting: LHB Samad Beybukov 0-0: Ball
1-0: DOUBLE (Line Drive, 89M, EV 98.8 MPH)
Batting: RHB Mikolas Polansky 0-0: Ball
1-0: Ball
2-0: Called Strike
2-1: Called Strike
2-2: Strikes out swinging
Batting: RHB Sean Manley 0-0: Called Strike
0-1: Ball
1-1: Ground out 5-3 (Groundball, 56S, EV 81.3 MPH)
Pinch Hitting: LHB Quant Melissanides 0-0: Swinging Strike
0-1: Ground out 6-3 (Groundball, P, EV 84.4 MPH)
Top of the 9th over - 1 run, 2 hits, 0 errors, 1 left on base; Baltimore 4 - Toronto 7
Friday, May 3rd , 2024 - OOTP Baseball 24.10 Build 82